 Dungeon Crawl Stone Soup version 0.26-a0-812-g31a745ddcd (webtiles) character file.

Game seed: 16994591553656197715

245 Dracia the Conjurer (level 5, -2/28 HPs)
             Began as a Deep Elf Conjurer on Nov 29, 2020.
             Slain by Robin
             ... wielding a +0 falchion
              (3 damage)
             ... on level 2 of the Dungeon.
             The game lasted 00:05:27 (2103 turns).

Dracia the Conjurer (Deep Elf Conjurer)             Turns: 2103, Time: 00:05:28

Health: -2/28      AC:  2    Str:  4    XL:     5   Next: 83%
Magic:  2/14       EV: 13    Int: 24    God:
Gold:   72         SH:  0    Dex: 13    Spells: 4/14 levels left

rFire    . . .     SeeInvis .   j - +1 dagger (flame)
rCold    . . .     Faith    .   (no shield)
rNeg     . . .     Spirit   .   a - +0 robe
rPois    +         Reflect  .   (no helmet)
rElec    .         Harm     .   (no cloak)
rCorr    .         Rampage  .   (no gloves)
MR       .....                  (no boots)
Stlth    ++........             (no amulet)
HPRegen  0.09/turn              b - ring of poison resistance
MPRegen  0.14/turn              (no ring)

@: no status effects
A: no striking features
a: no special abilities


You were on level 2 of the Dungeon.
You visited 1 branch of the dungeon, and saw 2 of its levels.

You collected 72 gold pieces.


   Skills:
 - Level 2.4 Dodging
 - Level 2.4 Stealth
 + Level 5.2 Spellcasting
 - Level 7.0 Conjurations


You had 4 spell levels left.
You knew the following spells:

 Your Spells              Type           Power        Failure   Level
a - Magic Dart            Conj           ####         1%          1
b - Searing Ray           Conj           #####.       1%          2
c - Dazzling Flash        Conj/Hex       ###...       6%          3
d - Fulminant Prism       Conj/Hex       ###.......   21%         4

Your spell library contained the following spells:

 Spells                   Type           Power        Failure   Level
 Iskenderun's Mystic Bla  Conj/Tloc      ###.....     21%         4

Inventory:

Hand Weapons
 d - a +0 dagger
 j - a +1 dagger of flaming (weapon)
Armour
 a - a +0 robe (worn)
Jewellery
 b - a ring of poison resistance (left hand)
Scrolls
 h - a scroll of remove curse {@r2}
Potions
 c - a potion of heal wounds {unknown}
 e - a potion of cancellation {unknown}

Dungeon Overview and Level Annotations

Branches:
Dungeon (2/15)

Altars:
Fedhas

Annotations:
D:2 Robin

......................
#############.###.#..#
######.##......
...............[
########.####..#
..........#
#######...# ##.)# #)@#
##g# # #)# .# . #(# ..
... #)###.#
.....#(....#.#
.......((.....#
...........<..#
##..##........#


You could see Robin (fast).


Message History

You hit the goblin. You burn the goblin.
You kill the goblin!
The hobgoblin barely misses you. x2
You hit the hobgoblin but do no damage.
The hobgoblin is lightly wounded.
Robin points. "Kill!"
The hobgoblin hits you with a +0 club.
* * * LOW HITPOINT WARNING * * *
The hobgoblin barely misses you.
You strike the helpless hobgoblin from behind!
You hit the hobgoblin. You burn the hobgoblin.
You kill the hobgoblin!
The hobgoblin misses you.
Casting: Dazzling Flash (quite dangerous; 6% risk of failure)
Confirm with . or Enter, or press ? or * to list all spells.
Aiming: Searing Ray (safe; 1% risk of failure)
Press: ? - help, Shift-Dir - straight line, f - hobgoblin
Aim: a hobgoblin, wielding a +0 club (strong)
The searing ray misses the hobgoblin.
The searing ray hits the hobgoblin!
You kill the hobgoblin!
The searing ray hits Robin!
Robin is severely wounded. (Press . to maintain the ray.)
The searing ray hits the hobgoblin!
You kill the hobgoblin!
Robin hits you but does no damage. Robin hits you with a +0 falchion.
* * * LOW HITPOINT WARNING * * *
Robin hits you with a +0 falchion.
You die...

Skill      XL: |  1  2  3  4  5 |
---------------+----------------+-----
Conjurations   | 5 7 |  7.0
Spellcasting   | 4 5 |  5.2
Dodging        | |  2.4
Stealth        | |  2.4

Action                   |  1- 3 |  4- 6 || total
-------------------------+-------+-------++-------
Melee: Dagger            |    51 |    46 ||    97
 Cast: Magic Dart        |    21 |     5 ||    26
       Searing Ray       |     6 |     4 ||    10
       Dazzling Flash    |       |     2 ||     2
  Use: Scroll            |     4 |       ||     4
       Potion            |     2 |       ||     2
 Stab: Sleeping          |     3 |       ||     3
       Invisible         |       |     2 ||     2
Armor: Robe              |    15 |     9 ||    24
Dodge: Dodged            |    44 |    62 ||   106

Levels and vault maps discovered:
D:1:      tarquinn_simple_flora_water_b, layout_loops_ring
D:2:      layout_basic, lemuel_crystal_altar, uniq_sigmund, uniq_robin

Notes
Turn   | Place    | Note
-------+----------+-------------------------------------------
     0 | D:1      | Dracia the Deep Elf Conjurer began the quest for the Orb.
     0 | D:1      | Reached XP level 1. HP: 10/10 MP: 6/6
   133 | D:1      | Reached XP level 2. HP: 15/15 MP: 1/8
   238 | D:1      | Reached skill level 5 in Conjurations
   291 | D:1      | Learned a level 2 spell: Searing Ray
   773 | D:1      | Reached XP level 3. HP: 18/19 MP: 4/9
  1287 | D:2      | Noticed Sigmund
  1288 | D:2      | Found a blossoming altar of Fedhas.
  1300 | D:2      | Killed Sigmund
  1300 | D:2      | Reached skill level 7 in Conjurations
  1300 | D:2      | Reached skill level 4 in Spellcasting
  1300 | D:2      | Reached XP level 4. HP: 24/24 MP: 6/12
  1300 | D:2      | Reached XP level 5. HP: 28/28 MP: 6/13
  1587 | D:2      | Learned a level 3 spell: Dazzling Flash
  1592 | D:2      | Learned a level 4 spell: Fulminant Prism
  2062 | D:2      | Reached skill level 5 in Spellcasting
  2081 | D:2      | Noticed Robin
  2103 | D:2      | HP: 1/28 [Robin/+0 falchion (2)]
  2103 | D:2      | Slain by Robin

Vanquished Creatures
  Sigmund (D:2)
  2 adders (D:2)
  An ooze (D:2)
  A leopard gecko (D:1)
  A ball python (D:1)
  4 bats (D:1)
  2 giant cockroaches (D:1)
  8 hobgoblins
  6 jackals
  10 kobolds
  2 frilled lizards (D:1)
  13 goblins
  9 rats
60 creatures vanquished.

Table legend: (Time is in decaauts)
 A = Elapsed time spent in this place.
 B = Non-inter-level travel time spent in this place.
 C = Inter-level travel time spent in this place.
 D = Time resting spent in this place.
 E = Time spent auto-exploring this place.
 F = Levels seen in this place.
 G = Mean time per level.
                   A        B        C        D        E       F      G
               +--------+--------+--------+--------+--------+-----+--------+
         Total |   2101 |   2051 |     50 |     98 |   1587 |   2 | 1050.5 |
       Dungeon |   2101 |   2051 |     50 |     98 |   1587 |   2 | 1050.5 |
               +--------+--------+--------+--------+--------+-----+--------+

Top non-repeatable levels by time:
     D:1: 1279 daAuts
     D:2: 821 daAuts

Table legend:
 A = Non-vault XP
 B = Vault XP
 C = Vault XP percentage of total XP
 D = Non-vault monster count
 E = Vault monster count
 F = Vault count percentage of total count
                 A         B        C        D         E       F
            +---------+---------+-------+---------+---------+-------
      Total |     103 |     247 |  70.6 |      47 |      13 |  21.7
            +---------+---------+-------+---------+---------+-------
        D:1 |      51 |       0 |   0.0 |      33 |       0 |   0.0
        D:2 |      52 |     247 |  82.6 |      14 |      13 |  48.1
            +---------+---------+-------+---------+---------+-------
